 Dungeon Crawl Stone Soup version 0.29-a0-214-g17f627cfee (webtiles) character file.

Game seed: 2502324933097494592

35 riojii the Shooter (level 3, -1/18 HPs)
             Began as a Spriggan Hunter on Feb 25, 2022.
             Killed from afar by Sigmund (8 damage)
             ... with a magic dart
             ... on level 2 of the Dungeon.
             The game lasted 00:01:09 (876 turns).

riojii the Shooter (Spriggan Hunter)                 Turns: 876, Time: 00:01:10

Health: -1/18      AC:  3    Str:  8    XL:     3   Next: 16%
Magic:  4/4        EV: 18    Int: 12    God:
Gold:   91         SH:  0    Dex: 17    Spells: 2/2 levels left

rFire   . . .      SeeInvis +   a - +1 shortbow
rCold   . . .      Faith    .   (shield currently unavailable)
rNeg    . . .      Spirit   .   b - +1 robe
rPois   +          Reflect  .   (helmet restricted)
rElec   .          Harm     .   (no cloak)
rCorr   .          Rampage  .   (gloves unavailable)
Will    .....                   (boots unavailable)
Stlth   +.........              (no amulet)
HPRegen 0.06/turn               f - ring of poison resistance
MPRegen 0.09/turn               (no ring)

@: confused, very quick
A: very small, no large weapons, unfitting armour, see invisible, speed 3
a: no special abilities


You were on level 2 of the Dungeon.
You visited 1 branch of the dungeon, and saw 2 of its levels.

You collected 91 gold pieces.

Inventory:

Hand Weapons
 a - a +1 shortbow (weapon)
Armour
 b - a +1 robe (worn)
Jewellery
 f - a ring of poison resistance (left hand)
 g - a ring of ice
Potions
 d - a potion of curing {unknown}
 e - a potion of attraction {unknown}


   Skills:
 * Level 2.2 Fighting
 * Level 5.4 Bows
 + Level 3.2 Dodging
 - Level 1.5 Stealth


You had 2 spell levels left.
You didn't know any spells.
Your spell library was empty.

Dungeon Overview and Level Annotations

Branches:
Dungeon (2/15)

Altars:

Annotations:
D:2 Sigmund


Innate Abilities, Weirdness & Mutations

You are very small and have problems with some larger weapons.
You are too small for most types of armour.
You have supernaturally acute eyesight. (SInv)
You cover ground extremely quickly. (Speed+++)


Message History

You are too injured to fight recklessly!
You are too injured to fight recklessly!
You are too injured to fight recklessly!
You are too injured to fight recklessly!
You are too injured to fight recklessly!
You see here a +2 dagger of venom.
You are too injured to fight recklessly!
You are too injured to fight recklessly!
Shoot: a) +1 shortbow
Press: ? - help, Shift-Dir - straight line, f - goblin
Aim: a goblin, wielding a +1 dagger of venom (58% to hit)
You shoot an arrow. The arrow hits the goblin.
The goblin is severely wounded.
Shoot: a) +1 shortbow
Press: ? - help, Shift-Dir - straight line, f/p - goblin
Aim: a goblin, wielding a +1 dagger of venom (severely wounded, 58% to hit)
You shoot an arrow. The arrow hits the goblin.
You kill the goblin!
Shoot: a) +1 shortbow
Press: ? - help, Shift-Dir - straight line, f - Sigmund
Aim: Sigmund, wielding a +0 scythe and wearing a +0 robe (lightly wounded, 61% to hit)
You shoot an arrow. The arrow hits Sigmund!
Sigmund is moderately wounded.
Shoot: a) +1 shortbow
Press: ? - help, Shift-Dir - straight line, f/p - Sigmund
Aim: Sigmund, wielding a +0 scythe and wearing a +0 robe (moderately wounded, 61% to hit)
You shoot an arrow. The arrow hits Sigmund!
Sigmund is heavily wounded.
Sigmund points at you and mumbles some strange words.
You are confused.
You shoot an arrow.
Unknown command.
You shoot an arrow.
Unknown command.
You shoot an arrow. Sigmund closely misses you.
Unknown command.
You bump into the rock wall.
Sigmund gestures at you while chanting. The magic dart hits you!
You die...

####### #.....#
###.###.#######.
#@..#...........
#.###.#.########
#@# #.#.# #.#
#.#'### #.#
#.....# #)#
#.....# #.#
#.....# #.#
#.....# #.#
#.....#


You could see Sigmund.

Vanquished Creatures
  An adder (D:2)
  2 dart slugs (D:1)
  3 ball pythons (D:1)
  2 endoplasms (D:1)
  3 goblins
  2 hobgoblins (D:1)
  A kobold (D:1)
  A quokka (D:1)
  A bat (D:1)
  2 frilled lizards (D:1)
  3 rats (D:1)
21 creatures vanquished.

Notes
Turn   | Place    | Note
-------+----------+-------------------------------------------
     0 | D:1      | riojii the Spriggan Hunter began the quest for the Orb.
     0 | D:1      | Reached XP level 1. HP: 10/10 MP: 2/2
   134 | D:1      | Reached skill level 5 in Bows
   208 | D:1      | Reached XP level 2. HP: 15/15 MP: 3/3
   598 | D:2      | Reached XP level 3. HP: 6/18 MP: 4/4
   852 | D:2      | Noticed Sigmund
   876 | D:2      | Killed from afar by Sigmund

Illustrated notes

Levels and vault maps discovered:
D:1:      dpeg_arrival_tiny_h, layout_basic, minmay_heptomino_o4
D:2:      layout_basic, uniq_robin, uniq_sigmund, uniq_natasha

Skill      XL: |  1  2 |
---------------+-------+-----
Bows           | 5 |  5.4
Dodging        | 3 |  3.2
Fighting       | 2 |  2.2
Stealth        | |  1.5

Action                   || total
-------------------------++-------
 Fire: Shortbow          ||    57
  Use: Scroll            ||     3
Dodge: Dodged            ||    11

Table legend: (Time is in decaauts)
 A = Elapsed time spent in this place.
 B = Non-inter-level travel time spent in this place.
 C = Inter-level travel time spent in this place.
 D = Time resting spent in this place.
 E = Time spent auto-exploring this place.
 F = Levels seen in this place.
 G = Mean time per level.
                   A        B        C        D        E       F      G
               +--------+--------+--------+--------+--------+-----+--------+
         Total |    658 |    642 |     16 |      0 |    532 |   2 |  329.0 |
       Dungeon |    658 |    642 |     16 |      0 |    532 |   2 |  329.0 |
               +--------+--------+--------+--------+--------+-----+--------+

Top non-repeatable levels by time:
     D:1: 385 daAuts
     D:2: 272 daAuts
